 Dungeon Crawl Stone Soup version 0.29-a0-813-g4a14ea37d6 (webtiles) character file.

Game seed: 6837084606866645548

162 LynnLen the Sneak (level 5, -2/28 HPs)
             Began as a Vampire Enchanter on July 4, 2022.
             Slain by a gnoll
             ... wielding a +0 spear
              (6 damage)
             ... on level 3 of the Dungeon.
             The game lasted 00:11:19 (3155 turns).

LynnLen the Sneak (Vampire Enchanter)               Turns: 3155, Time: 00:11:19

Health: -2/28      AC:  4    Str:  6 (7)  XL:     5   Next: 19%
Magic:  8/8        EV: 12    Int: 15 (17) God:
Gold:   121        SH:  0    Dex: 17      Spells: 2/8 levels left

rFire   . . .      SeeInvis +   f - +1 dagger (venom)
rCold   + + .      Faith    .   (no shield)
rNeg    + + +      Spirit   .   m - +0 leather armour
rPois   ∞          Reflect  .   (no helmet)
rElec   .          Harm     .   l - +0 cloak
rCorr   .          Rampage  .   (no gloves)
Will    .....                   (no boots)
Stlth   ++++++....              (no amulet)
HPRegen 0.00/turn               (no ring)
MPRegen 0.11/turn               (no ring)

@: bloodless, inhibited regen
A: bloodless, fangs 3, see invisible, vampiric 2
a: Bat Form, Revivify


You were on level 3 of the Dungeon.
You visited 1 branch of the dungeon, and saw 3 of its levels.

You collected 121 gold pieces.

Inventory:

Hand Weapons
 f - a +1 dagger of venom (weapon)
Missiles
 j - 3 javelins (quivered)
Armour
 l - a +0 cloak (worn)
 m - a +0 leather armour (worn)
Wands
 a - a wand of polymorph (13)
 g - a wand of digging (4)
Scrolls
 d - a scroll of enchant armour
 h - a scroll of fear {unknown}
 i - 2 scrolls of teleportation
Potions
 b - a potion of magic {unknown}
 c - 2 potions of invisibility
 e - a potion of curing
 k - a potion of ambrosia


   Skills:
 + Level 1.5 Short Blades
 * Level 3.3 Dodging
 * Level 7.8 Stealth
 + Level 2.0 Spellcasting
 + Level 4.8 Hexes


You had 2 spell levels left.
You knew the following spells:

 Your Spells              Type           Power      Damage    Failure   Level
a - Confusing Touch       Hex            16%        N/A       14%         3
b - Tukima's Dance        Hex            16%        N/A       14%         3

Your spell library contained the following spells:

 Spells                   Type           Power      Damage    Failure   Level
 Ensorcelled Hibernation  Hex/Ice        16%        N/A       19%         2
 Scorch                   Fire           2%         2d5       45%         2
 Dazzling Flash           Conj/Hex       16%        N/A       36%         3
 Flame Wave               Conj/Fire      1%         2d4       98%         4
 Summon Ice Beast         Ice/Summ       1%         N/A       98%         4
 Summon Mana Viper        Hex/Summ       8%         N/A       98%         5
 Summon Cactus Giant      Summ           0%         N/A       100%        6
 Monstrous Menagerie      Summ           0%         N/A       100%        7


Dungeon Overview and Level Annotations

Branches:
Dungeon (3/15)

Altars:


Innate Abilities, Weirdness & Mutations

You do not regenerate when monsters are visible.
You are frail without blood (-20% HP).
You can heal yourself when you bite living creatures.
You are immune to poison.
You have razor-sharp teeth.
You have supernaturally acute eyesight. (SInv)
You are afflicted with vampirism and can become a bat while bloodless.


Message History

The gnoll is heavily wounded.
The gnoll hits you with a +0 club.
You closely miss the gnoll.
The gnoll is almost dead.
You kill the gnoll!
You see here a +0 club.
You start resting.
Magic restored.
You start resting.
HP restored.
There is a stone staircase leading down here.
You climb downwards.
There is a stone staircase leading up here.
The gnoll hits you with a +0 spear.
The gnoll shouts!
You hit the gnoll but do no damage.
The gnoll is poisoned.
You hit the gnoll but do no damage.
The gnoll is lightly wounded.
The gnoll hits you with a +0 spear.
You hit the gnoll.
The gnoll is heavily wounded.
The gnoll closely misses you.
The gnoll hits you from afar with a +0 spear.
You hit the gnoll but do no damage.
The gnoll is severely wounded.
The gnoll hits you with a +0 spear.
The gnoll hits you from afar with a +0 spear.
You hit the gnoll but do no damage.
The gnoll looks as sick as possible!
The gnoll is almost dead.
The gnoll hits you with a +0 spear.
* * * LOW HITPOINT WARNING * * *
The gnoll hits you from afar with a +0 spear.
* * * LOW HITPOINT WARNING * * *
You hit the gnoll but do no damage.
The gnoll looks as sick as possible!
The gnoll is almost dead.
You kill the gnoll!
The gnoll hits you from afar with a +0 spear.
* * * LOW HITPOINT WARNING * * *
The gnoll hits you from afar with a +0 spear.
You die...

#[..###.#######.........
#######.# #.#######'
#....# #.#....... #..).#
#.#....... #....#
#.#....... ####....#
#.#.......
#.......#######.#.......
#....g..##......#.......
#....##@...<.###........
#...)##..)...# #..>....g
#....##......# #........
......+..##+###
#b.....g# #.......####
#<...g..# #.....#..
#....####### #.....#.#
##.#### #=....#.# #...#
......


You could see a gnoll.

Vanquished Creatures
  An ogre (D:3)
  An adder (D:2)
  2 gnolls
  4 ball pythons
  3 endoplasms
  3 giant cockroaches
  4 goblins
  A hobgoblin (D:1)
  7 jackals (D:2)
  A quokka (D:1)
  2 frilled lizards (D:1)
  8 kobolds
  5 rats
42 creatures vanquished.

Vanquished Creatures (others)
  6 plants (D:3)
6 creatures vanquished.

Grand Total: 48 creatures vanquished

Notes
Turn   | Place    | Note
-------+----------+-------------------------------------------
     0 | D:1      | LynnLen the Vampire Enchanter began the quest for the Orb.
     0 | D:1      | Reached XP level 1. HP: 13/13 MP: 3/3
   188 | D:1      | Reached skill level 5 in Stealth
   227 | D:1      | Reached XP level 2. HP: 6/15 MP: 5/5
   695 | D:1      | Found a faded altar of an unknown god.
  1523 | D:2      | Gained mutation: You are afflicted with vampirism and can
                  | become a bat while bloodless. [Vampire growth]
  1523 | D:2      | Reached XP level 3. HP: 19/19 MP: 6/6
  1691 | D:2      | Reached skill level 6 in Stealth
  2758 | D:3      | Noticed an ogre
  3017 | D:2      | Learned a level 3 spell: Confusing Touch
  3021 | D:2      | Learned a level 3 spell: Tukima's Dance
  3028 | D:3      | Killed an ogre
  3029 | D:3      | Reached skill level 7 in Stealth
  3029 | D:3      | Reached XP level 4. HP: 22/24 MP: 0/7
  3029 | D:3      | Reached XP level 5. HP: 26/28 MP: 0/8
  3155 | D:3      | Slain by a gnoll

Illustrated notes

Levels and vault maps discovered:
D:1:      amcnicky_arrival_abandoned_market, layout_basic,
          basic_ecumenical_altar, serial_corexii_hall, corexii_hall_statues_i,
          corexii_hall_statues_l, chequers_hall_statues_wall_a
D:2:      layout_loops_ring, minmay_misc_feat_chi
D:3:      layout_basic, small_statue_alley_b, nicolae_grassy_gnolls

Skill      XL: |  1  2  3 |
---------------+----------+-----
Stealth        | 5 7 |  7.8
Dodging        | 3 |  3.3
Short Blades   | |  1.5
Spellcasting   | |  2.0
Hexes          | |  4.8

Action                   |  1- 3 |  4- 6 || total
-------------------------+-------+-------++-------
Melee: Dagger            |   112 |     9 ||   121
       Bite              |    13 |       ||    13
       Unarmed           |     4 |       ||     4
 Cast: Tukima's Dance    |     1 |       ||     1
       Confusing Touch   |     1 |       ||     1
 Abil: Exsanguinate      |     1 |       ||     1
       End Transformatio |     1 |       ||     1
       Bat Form          |     1 |       ||     1
  Use: Scroll            |     5 |       ||     5
       Potion            |     1 |       ||     1
 Stab: Sleeping          |    11 |       ||    11
       Distracted        |     1 |       ||     1
Armor: Robe              |     9 |       ||     9
Dodge: Dodged            |   117 |     2 ||   119

Table legend: (Time is in decaauts)
 A = Elapsed time spent in this place.
 B = Non-inter-level travel time spent in this place.
 C = Inter-level travel time spent in this place.
 D = Time resting spent in this place.
 E = Time spent auto-exploring this place.
 F = Levels seen in this place.
 G = Mean time per level.
                   A        B        C        D        E       F      G
               +--------+--------+--------+--------+--------+-----+--------+
         Total |   3128 |   3128 |      0 |   1195 |    871 |   3 | 1042.7 |
       Dungeon |   3128 |   3128 |      0 |   1195 |    871 |   3 | 1042.7 |
               +--------+--------+--------+--------+--------+-----+--------+

Top non-repeatable levels by time:
     D:2: 1586 daAuts
     D:1: 1191 daAuts
     D:3: 350 daAuts
